Map: Apotheosis LE

Players

Nickos

  • Race: Terran Terran
  • League: Gold

A.I. 1 (Very Easy)

  • Race: Zerg Zerg

VOD

Have the link to the VOD?

Description

Time

  • Played on: Sept. 30, 2016, 7:58 p.m.
  • Length: 10:43
Show
View Real Time Build Order
Export as new Build Order

Nickos Terran 

Build Orders: MMM Bio, Banshee Rush 

Get SALT Encoding   

  1  0:00  Personal Cloaking, Protoss Ground Armor Level 1, Protoss Ground Weapons Level 3, Zerg Missile Weapons Level 2, Zerg Melee Weapons Level 3, Corvid Reactor, Protoss Ground Armor Level 3, Zerg Melee Weapons Level 1, Protoss Air Armor Level 3, Zerg Missile Weapons Level 3, Zerg Missile Weapons Level 1, Ventral Sacs, Terran Ship Weapons Level 1, Zerg Melee Weapons Level 2, Infernal Pre-Igniter, Zerg Flyer Armor Level 1, Metabolic Boost, Durable Materials, Neosteel Frame, Terran Ship Weapons Level 2, Chitinous Plating, Resonating Glaives, Zerg Ground Armor Level 1, Zerg Ground Armor Level 2, Adrenal Glands, Terran Vehicle Armor Level 1, Zerg Flyer Armor Level 2, Terran Infantry Weapons Level 2, Protoss Air Armor Level 1, Terran Infantry Armor Level 2, Terran Infantry Weapons Level 1, Charge, Protoss Shields Level 1, Terran Vehicle Weapons Level 1, Glial Reconstitution, Terran Ship Weapons Level 3, Centrifical Hooks, Tunneling Claws, Terran Vehicle Armor Level 2, Extended Thermal Lance, Stimpack, Protoss Ground Armor Level 2, Protoss Air Weapons Level 2, Terran Infantry Armor Level 1, SCV x12, Protoss Air Armor Level 2, Combat Shields, Terran Vehicle Armor Level 3, Blink, Neural Parasite, Terran Ship Armor Level 3, Warp Gate, Zerg Flyer Weapons Level 3, Protoss Shields Level 2, Zerg Flyer Weapons Level 2, Protoss Air Weapons Level 3, Psionic Storm, Protoss Ground Weapons Level 2, Building Armor, Enduring Locusts, Terran Vehicle Weapons Level 2, Terran Ship Armor Level 1, Terran Ship Armor Level 2, Zerg Flyer Armor Level 3, Zerg Flyer Weapons Level 1, Terran Infantry Armor Level 3, Protoss Shields Level 3, Protoss Ground Weapons Level 1, Protoss Air Weapons Level 1, Terran Infantry Weapons Level 3, Cloaking Field, Terran Vehicle Weapons Level 3, Zerg Ground Armor Level 3  
  12  0:05  Burrow, Muscular Augments x2  
    0:08  Unknown  
    0:10  SCV  
  13  0:19  Moebius Reactor, Pathogen Glands, Observer Gravitic Boosters, Behemoth Reactor, Hi-Sec Auto Tracking, Graviton Catapult, Gravitic Drive, Caduceus Reactor  
  13  0:22  SCV  
  14  0:30  Supply Depot  
  14  0:33  Pneumatized Carapace, Weapon Refit, Concussive Shells  
  14  0:34  SCV  
  15  0:54  Barracks  
  16  0:58  SCV  
  16  0:59  Refinery  
  16  1:05  Orbital Command  
  16  1:16  Unknown x5  
  16  1:18  SCV x12  
    1:31  SCV  
  13  1:43  SCV  
  14  1:47  Supply Depot  
  14  1:55  SCV  
  15  2:09  SCV  
  15  2:14  Barracks  
  16  2:15  Refinery  
  16  2:21  SCV  
  17  2:33  SCV  
  18  2:45  SCV  
  19  3:00  SCV  
  20  3:08  Reaper  
  20  3:10  Command Center  
  21  3:14  Orbital Command  
  21  3:27  Barracks  
  21  3:42  Supply Depot  
  21  3:43  SCV  
  21  3:47  Barracks Reactor  
  22  3:56  SCV  
  22  3:59  Factory  
  23  4:06  Refinery  
  23  4:08  SCV  
  24  4:14  Barracks Tech Lab  
  24  4:20  SCV  
  25  4:24  Marine  
  25  4:25  Marine  
  28  4:32  SCV  
  28  4:33  Orbital Command  
  28  4:34  Marine  
  28  5:05  SCV x2  
  30  5:11  Marine x2  
  32  5:14  Starport  
  32  5:16  Factory Reactor  
  32  5:17  SCV  
  32  5:20  SCV  
  37  9:52  Marine  
  37  9:55  SCV  
  37  9:56  SCV  
  37  10:07  Marine x2  
  37  10:08  SCV x2  
  37  10:10  Marine  
  42  10:20  SCV x2  
  44  10:23  Supply Depot  
Show
View Real Time Build Order
Export as new Build Order

A.I. 1 (Very Easy) Zerg 

Build Orders: 3 Hatch before Pool 

Get SALT Encoding   

  1  0:00  Personal Cloaking, Protoss Ground Armor Level 1, Protoss Ground Weapons Level 3, Zerg Missile Weapons Level 2, Zerg Melee Weapons Level 3, Corvid Reactor, Protoss Shields Level 2, Zerg Melee Weapons Level 1, Protoss Air Armor Level 3, Zerg Missile Weapons Level 3, Zerg Missile Weapons Level 1, Ventral Sacs, Terran Ship Weapons Level 1, Zerg Melee Weapons Level 2, Infernal Pre-Igniter, Zerg Flyer Armor Level 1, Metabolic Boost, Durable Materials, Neosteel Frame, Terran Ship Weapons Level 2, Protoss Ground Weapons Level 1, Resonating Glaives, Zerg Ground Armor Level 2, Adrenal Glands, Terran Vehicle Armor Level 1, Zerg Flyer Armor Level 2, Zerg Flyer Weapons Level 2, Stimpack, Terran Infantry Weapons Level 2, Protoss Air Armor Level 1, Terran Infantry Armor Level 2, Terran Infantry Weapons Level 1, Charge, Protoss Shields Level 1, Terran Vehicle Weapons Level 1, Glial Reconstitution, Terran Ship Weapons Level 3, Centrifical Hooks, Tunneling Claws, Terran Vehicle Armor Level 2, Extended Thermal Lance, Chitinous Plating, Protoss Ground Armor Level 2, Protoss Air Weapons Level 2, Terran Infantry Armor Level 1, Zerg Ground Armor Level 1, Protoss Air Armor Level 2, Combat Shields, Terran Vehicle Armor Level 3, Blink, Neural Parasite, Terran Ship Armor Level 3, Warp Gate, Zerg Flyer Weapons Level 3, Protoss Ground Armor Level 3, Overlord, Protoss Air Weapons Level 3, Psionic Storm, Protoss Ground Weapons Level 2, Building Armor, Enduring Locusts, Terran Vehicle Weapons Level 2, Terran Ship Armor Level 1, Terran Ship Armor Level 2, Zerg Flyer Armor Level 3, Zerg Flyer Weapons Level 1, Terran Infantry Armor Level 3, Protoss Shields Level 3, Terran Infantry Weapons Level 3, Protoss Air Weapons Level 1, Drone x12, Cloaking Field, Terran Vehicle Weapons Level 3, Zerg Ground Armor Level 3  
  12  0:05  Burrow, Muscular Augments x2  
    0:08  Unknown  
    0:10  Drone  
  13  0:17  Drone  
  13  0:19  Moebius Reactor, Pathogen Glands, Observer Gravitic Boosters, Behemoth Reactor, Hi-Sec Auto Tracking, Graviton Catapult, Gravitic Drive, Caduceus Reactor  
  14  0:25  Overlord  
  14  0:33  Pneumatized Carapace, Weapon Refit, Concussive Shells  
  14  0:44  Drone x3  
  18  1:01  Drone  
  18  1:12  Overlord  
  18  1:14  Hatchery  
  18  1:16  Unknown x5  
  18  1:18  Drone x12  
    1:30  Unknown  
    1:31  Drone  
  13  1:38  Drone  
  14  1:47  Overlord  
  14  2:05  Drone x2  
  14  2:06  Drone  
  17  2:29  Hatchery  
  16  2:38  Spawning Pool  
  16  2:39  Extractor  
  14  2:44  Overlord  
  14  2:54  Extractor  
  13  3:14  Drone  
  14  3:27  Queen, Roach Warren  
  15  3:40  Drone  
  16  3:48  Drone  
  17  3:55  Drone  
  18  4:02  Drone  
  19  4:08  Roach  
  19  4:09  Drone  
  22  4:16  Drone  
  23  4:24  Drone  
  24  4:40  Drone  
  25  4:47  Drone  
  26  4:53  Zergling x2  
  26  4:54  Drone  
  26  4:58  Overlord  
  28  5:01  Drone  
  29  5:09  Drone  
  30  5:16  Drone  
  31  5:23  Drone  
  34  9:57  Overlord  
  34  10:03  Roach  
  34  10:11  Hatchery  
  33  10:26  Evolution Chamber  
Tags
 
Composition
MMM Bio
League
Gold
Matchup
TvZ
Replay Pack
Nickos replay
Strategy
Banshee Rush
Add a new tag
Caveats
  • Supply blocks, unpowered buildings, or Contaminate may cause inaccurate times.
  • Supply counts are checked every 10 seconds.